 Dungeon Crawl Stone Soup version 0.28.0-47-ge53b351184 (webtiles) character file.

Game seed: 16981463091127600281

17388 101zpm the Eclecticist (level 12, -8/64 HPs)
             Began as a Djinni Fire Elementalist on May 6, 2022.
             Was a Believer of Hepliaklqana.
             Mangled by a warg (9 damage)
             ... led by an orc knight
             ... on level 1 of the Orcish Mines.
             The game lasted 01:04:27 (24087 turns).

101zpm the Eclecticist (Djinni Fire Elementalist)  Turns: 24087, Time: 01:04:28

Health: -8/64      AC:  5    Str:  7    XL:     12   Next: 82%
Gold:   1811       EV: 13    Int: 23    God:    Hepliaklqana [**....] SH:  0 Dex: 15

rFire   + + .      SeeInvis .   E - +4 dire flail of the Absolute Madman {vorpal, Int+2 Stlth+}
rCold   . . .      Faith    .   (shield currently unavailable)
rNeg    + . .      Spirit   .   M - +2 robe
rPois   ∞          Reflect  .   (no helmet)
rElec   .          Harm     .   (no cloak)
rCorr   .          Rampage  .   G - +0 pair of gloves
Will    +....                   (boots unavailable)
Stlth   ++++......              L - amulet of the acrobat
HPRegen 0.20/turn               H - ring of positive energy
MPRegen 0.00/turn               I - ring of protection from cold

@: flying
A: reduced essence, sickness immunity, fire resistance 2, cold vulnerability 1,
float, innate caster, HP casting, extra vitality 1
a: Renounce Religion, Recall Ancestor, Ancestor Identity


You were on level 1 of the Orcish Mines.
You worshipped Hepliaklqana.
Hepliaklqana was pleased with you.
You visited 3 branches of the dungeon, and saw 14 of its levels.
You also visited: Bailey.

You collected 1811 gold pieces.

Inventory:

Hand Weapons
 w - the +0 long sword of the Hand {freeze, Int+2}
   (You found it on level 6 of the Dungeon)

   It freezes those it strikes, dealing additional cold damage.
   It can also slow down cold-blooded creatures.
   Int:       It affects your intelligence (+2).
 E - the +4 dire flail of the Absolute Madman (weapon) {vorpal, Int+2 Stlth+}
   (You took it off an ogre on level 5 of the Dungeon)

   It inflicts extra damage upon your enemies.
   Int:       It affects your intelligence (+2).
   Stlth:     It makes you more stealthy.
 N - a +3 scimitar of flaming
Missiles
 y - 11 curare-tipped darts
 z - 16 poisoned darts
 A - 14 atropa-tipped darts
 C - 20 boomerangs
 J - 7 throwing nets
 O - 4 silver javelins
Armour
 a - a +0 robe
 G - a +0 pair of gloves (worn)
 M - a +2 robe (worn)
Jewellery
 f - an amulet of faith
 H - a ring of positive energy (left hand)
 I - a ring of protection from cold (right hand)
 K - a ring of resist corrosion
 L - an amulet of the acrobat (around neck)
Wands
 l - a wand of iceblast (19)
 m - a wand of charming (14)
 s - a wand of flame (33)
 t - a wand of digging (8)
 x - a wand of mindburst (28)
Scrolls
 b - 2 scrolls of fog
 c - 6 scrolls of amnesia
 e - 2 scrolls of enchant armour
 h - a scroll of immolation
 i - 2 scrolls of vulnerability
 j - 3 scrolls of enchant weapon
 p - 2 scrolls of noise
 q - a scroll of magic mapping
 v - a scroll of fear {unknown}
 D - a scroll of teleportation {unknown}
Potions
 d - 2 potions of mutation
 g - a potion of might
 k - a potion of invisibility {unknown}
 n - a potion of attraction {unknown}
 o - 7 potions of curing
 r - a potion of heal wounds {unknown}
 u - a potion of haste {unknown}
 F - a potion of brilliance {unknown}
Miscellaneous
 B - a phantom mirror


   Skills:
 + Level 1.0 Fighting
 + Level 2.8 Dodging
 + Level 4.4 Stealth
 + Level 15.1 Spellcasting


You had 13 spell levels left.
You knew the following spells:

 Your Spells              Type           Power      Damage    Failure   Level
a - Foxfire               Conj/Fire      100%       2x1d9     0%          1
b - Scorch                Fire           100%       2d10      0%          2
c - Conjure Flame         Conj/Fire      72%        6-21      1%          3
d - Inner Flame           Hex/Fire       72%        N/A       1%          3
e - Flame Wave            Conj/Fire      72%        2d13      1%          4
f - Slow                  Hex            100%       N/A       0%          1
g - Searing Ray           Conj           100%       2d8       0%          2
h - Gell's Gravitas       Tloc           72%        N/A       1%          3
i - Animate Dead          Necr           36%        N/A       1%          4
j - Agony                 Necr           72%        N/A       1%          5
Your spell library was empty.

Dungeon Overview and Level Annotations

Branches:
Dungeon (11/15)            Temple (1/1) D:7            Lair (0/6) D:11
    Orc (2/2) D:10            Elf (0/3) Orc:2        Bailey (visited)

Altars:
Ashenzari
Cheibriados
Dithmenos
Elyvilon
Fedhas
Gozag
Hepliaklqana
Kikubaaqudgha
Makhleb
Nemelex Xobeh
Okawaru
Qazlal
Ru
Sif Muna
Trog
Uskayaw
Vehumet
Wu Jian
Xom
Yredelemnul
Zin
The Shining One
Beogh

Shops:
D:8 [

Annotations:
D:9 2 runed translucent doors
Orc:2 exclusion: oklob plant


Innate Abilities, Weirdness & Mutations

Your life essence is reduced to manifest your ancestor. (-10% HP)
You are immune to sickness and miasma.
You are immune to poison.
Your flesh is very heat resistant. (rF++)
You are vulnerable to cold. (rC-)
You float through the air rather than walking.
You learn spells naturally, not from books.
Your magical power is your life essence.
You have superior vitality. (+4 MHP)


Message History

* * * LOW HITPOINT WARNING * * *
The foxfire hits the warg.
The warg is burned terribly!
The warg is heavily wounded.
The foxfire hits the warg!
The warg is burned terribly!
The warg is severely wounded.
The warg closely misses you.
Casting: Foxfire (safe; 0% risk of failure)
Press: ? - help, Q - select action, (/) - cycle Dir - look around, f - activate You conjure some foxfire!
* * * LOW HITPOINT WARNING * * *
The warg misses you.
The foxfire hits the warg but does no damage.
The warg is severely wounded.
The foxfire hits the warg but does no damage.
The warg is severely wounded.
The warg bites you!
* * * LOW HITPOINT WARNING * * *
Things that are here:
a +0 plate armour; a +0 hand axe
Casting: Foxfire (safe; 0% risk of failure)
Press: ? - help, Q - select action, (/) - cycle Dir - look around, f - activate You conjure some foxfire!
* * * LOW HITPOINT WARNING * * *
The warg barely misses you.
The foxfire hits the warg.
The warg is burned terribly!
The warg is almost dead.
The foxfire hits the warg.
The warg is almost dead.
Things that are here:
a +0 hand axe; a +0 short sword
Items here: )) [[.
The warg is no longer more vulnerable to fire.
The warg closely misses you.
You see here a +0 whip.
Casting: Foxfire (safe; 0% risk of failure)
Press: ? - help, Q - select action, (/) - cycle Dir - look around, f - activate You conjure some foxfire!
* * * LOW HITPOINT WARNING * * *
The warg bites you!
You die...

.#..###.........##^..#
....####.........##.##
......##...#...).#...#
.......#....#..)....######
#.#...#...............##.##
..##.###.#........).......##
....###...#.....#..).......#
.....##........v.#......#.##
....####........@v##[....## #.###
##.##....)h#.......### #.##
##.#....[.)[><......## ...#
#....................#### ..##
##..#................#.... ..#
####....#.........##.........
.####.##...........#.#####.......
## #..................# ##.##...
# ##.##..##.#.##.##.## #####.#


You could see a warg (ally target).

Vanquished Creatures
  A hydra (D:11)
  Erica (D:8)
  A two-headed ogre (D:11)
  Urug (Orc:2)
  Sonja (Orc:2)
  A sixfirhy (Orc:2)
  2 orc knights (Orc:2)
  2 ugly things
  An orc sorcerer (Orc:2)
  The ghost of maxonian the Skirmisher, a novice DsAM (D:5)
  A gargoyle (D:10)
  An unseen horror (D:10)
  A troll (D:10)
  Grinder (D:5)
  3 wyverns
  Sigmund (D:4)
  2 wraiths (D:11)
  13 yaks (D:10)
  2 vampire mosquitoes (D:9)
  2 steam dragons
  Menkaure (D:6)
  Duvessa (D:4)
  An acid dragon (D:10)
  A hornet zombie (D:7)
  21 orc warriors
  A necrophage (D:6)
  7 ogres
  3 centaurs
  9 kobold brigands
  2 bullfrogs
  3 scorpions
  A wyvern skeleton (D:7)
  Dowan (D:4)
  16 wights
  A howler monkey (D:4)
  A bullfrog zombie (D:7)
  5 centaur zombies
  A jelly (D:6)
  2 gnoll shamans
  6 hounds
  10 orc priests
  2 iguanas
  Natasha (twice) (D:2)
  22 orc wizards
  2 hound skeletons
  10 gnolls
  8 adders
  A shadow imp (D:7)
  A white imp (D:8)
  2 worms
  2 dart slugs
  83 orcs
  2 endoplasms (D:4)
  5 giant cockroaches
  10 goblins
  3 hobgoblins
  3 jackals (D:2)
  24 kobolds
  2 quokkas
  5 ball pythons
  2 bats (D:2)
  A frilled lizard (D:1)
  3 rats
328 creatures vanquished.

Vanquished Creatures (collateral kills)
  A cyclops (D:11)
  2 orc warriors
  3 orc priests
  A gnoll (Orc:1)
  7 orcs
  4 foxfires
18 creatures vanquished.

Vanquished Creatures (others)
  4 hexers
  1824 foxfires
1828 creatures vanquished.

Grand Total: 2174 creatures vanquished

Notes
Turn   | Place    | Note
-------+----------+-------------------------------------------
     0 | D:1      | 101zpm the Djinni Fire Elementalist began the quest for the
                  | Orb.
     0 | D:1      | Reached XP level 1. HP: 15/15 MP: 0/0
   852 | D:1      | Reached XP level 2. HP: 17/21 MP: 0/0
  2408 | D:2      | Reached skill level 3 in Spellcasting
  2775 | D:2      | Reached XP level 3. HP: 22/25 MP: 0/0
  2775 | D:2      | Learned a level 1 spell: Slow
  2940 | D:2      | Found a faded altar of an unknown god.
  2953 | D:2      | Noticed Natasha
  2956 | D:2      | Killed Natasha
  2957 | D:2      | Reached XP level 4. HP: 27/31 MP: 0/0
  3165 | D:2      | Noticed Natasha
  3170 | D:2      | Killed Natasha
  4508 | D:4      | Reached skill level 4 in Spellcasting
  4508 | D:4      | Reached XP level 5. HP: 28/35 MP: 0/0
  4508 | D:4      | Learned a level 2 spell: Searing Ray
  4719 | D:4      | Noticed Sigmund
  4725 | D:4      | Killed Sigmund
  4726 | D:4      | Reached skill level 5 in Spellcasting
  4726 | D:4      | Reached XP level 6. HP: 32/40 MP: 0/0
  5181 | D:4      | Reached XP level 7. HP: 9/45 MP: 0/0
  5181 | D:4      | Learned a level 3 spell: Gell's Gravitas
  6073 | D:4      | Noticed Duvessa
  6076 | D:4      | Reached skill level 6 in Spellcasting
  6076 | D:4      | Noticed Dowan
  6090 | D:4      | Killed Duvessa
  6091 | D:4      | Reached XP level 8. HP: 16/50 MP: 0/0
  6092 | D:4      | Killed Dowan
  6992 | D:5      | Entered Level 5 of the Dungeon
  7316 | D:5      | Noticed Grinder
  7321 | D:5      | Killed Grinder
  7322 | D:5      | Reached skill level 7 in Spellcasting
  7339 | D:5      | Reached XP level 9. HP: 9/56 MP: 0/0
  7339 | D:5      | Learned a level 4 spell: Animate Dead
  7923 | D:5      | Reached skill level 8 in Spellcasting
  8212 | D:5      | Noticed maxonian's ghost (novice DsAM)
  8225 | D:5      | Identified the +4 dire flail of the Absolute Madman
                  | {vorpal, Int+2 Stlth+}
  8228 | D:5      | Found a transporter.
  8883 | D:6      | Found a runed translucent door.
  9210 | D:6      | Reached skill level 9 in Spellcasting
  9227 | D:6      | Noticed Menkaure
  9231 | D:6      | Killed Menkaure
  9493 | D:6      | Identified the +0 long sword of the Hand {freeze, Int+2}
 11504 | D:7      | Found a flagged portal.
 11516 | Bailey   | Entered a bailey
 11720 | Bailey   | Reached XP level 10. HP: 42/61 MP: 0/0
 11749 | Bailey   | Reached skill level 10 in Spellcasting
 12225 | Bailey   | Found a burning altar of Makhleb.
 12982 | D:7      | Found a staircase to the Ecumenical Temple.
 13366 | Temple   | Entered the Ecumenical Temple
 13556 | Temple   | Became a worshipper of Hepliaklqana the Forgotten
 13661 | D:8      | Reached skill level 11 in Spellcasting
 14198 | D:8      | Noticed Erica
 14204 | D:8      | Killed Erica
 14948 | D:8      | Found Schrutan's Dragon-Slaying Spoils.
 15471 | D:10     | Entered Level 10 of the Dungeon
 15471 | D:10     | Reached * piety under Hepliaklqana
 15545 | D:10     | Reached XP level 11. HP: 45/59 MP: 0/0
 15545 | D:10     | Learned a level 5 spell: Agony
 16061 | D:10     | Reached skill level 12 in Spellcasting
 16850 | D:10     | Found a staircase to the Orcish Mines.
 17660 | D:9      | Found a runed translucent door.
 17660 | D:9      | Found a runed translucent door.
 17660 | D:9      | Noticed a centaur warrior
 17660 | D:9      | Noticed a red ugly thing
 17660 | D:9      | Noticed a boulder beetle
 18454 | D:9      | Noticed a brown ugly thing
 18460 | D:9      | Killed a brown ugly thing
 18914 | D:5      | Found a transporter.
 18927 | D:5      | Killed maxonian's ghost
 19235 | D:11     | Noticed a cyclops
 19235 | D:11     | Noticed a two-headed ogre
 19235 | D:11     | Found a staircase to the Lair.
 19240 | D:11     | Killed a cyclops
 19241 | D:11     | Reached skill level 13 in Spellcasting
 19243 | D:11     | Killed a two-headed ogre
 19244 | D:11     | Reached skill level 1 in Fighting
 19249 | D:11     | Noticed an eight-headed hydra
 19255 | D:11     | Killed an eight-headed hydra
 19414 | D:11     | Noticed a brown ugly thing
 19419 | D:11     | Killed a brown ugly thing
 19584 | D:11     | Reached ** piety under Hepliaklqana
 19585 | D:11     | Remembered your ancestor Agathoclea as a hexer
 19622 | D:11     | Noticed a two-headed ogre
 19808 | D:10     | Reached XP level 12. HP: 59/64 MP: 0/0
 20584 | D:10     | Reached skill level 14 in Spellcasting
 20803 | Orc:1    | Entered Level 1 of the Orcish Mines
 21747 | Orc:2    | Entered Level 2 of the Orcish Mines
 22318 | Orc:2    | Found a staircase to the Elven Halls.
 22319 | Orc:2    | Noticed Urug
 22326 | Orc:2    | Killed Urug
 22543 | Orc:2    | Noticed Sonja
 22544 | Orc:2    | Killed Sonja
 22569 | Orc:2    | HP: 3/64 [orc priest/divine providence (16)]
 23413 | Orc:2    | Reached skill level 15 in Spellcasting
 23945 | Orc:2    | Noticed a sixfirhy
 23948 | Orc:2    | Killed a sixfirhy
 24082 | Orc:1    | HP: 2/64 [warg[an orc knight] (16)]
 24087 | Orc:1    | Mangled by a warg

Illustrated notes

Levels and vault maps discovered:
D:1:      tarquinn_simple_flora_water_f, layout_loops_corners
D:2:      layout_loops_corners, hellmonk_ecumenical_altar_arch_garden,
          uniq_natasha
D:3:      layout_basic
D:4:      layout_loops_corners, uniq_duvessa, uniq_sigmund
D:5:      layout_rooms, lemuel_blue_sif_altar, gammafunk_ghost_smash,
          hangedman_decor_slide_cut, hangedman_decor_lopped,
          chequers_serial_rivers_large_a, lemuel_another_geyser, uniq_grinder
D:6:      layout_cave_pools, chequers_avenue, lightli_church_of_beogh,
          uniq_menkaure
D:7:      layout_basic, minmay_temple_entry_stoned_glass, enter_bailey_5,
          minivault_19
D:8:      layout_gridville, serial_glass, glass_columns_b, glass_columns_a,
          glass_columns_b, glass_columns_b, due_unseen_surprise,
          nicolae_shop_dragon_depot, uniq_erica
D:9:      minmay_the_grid_four_pointed_star_mashed
          [minmay_the_grid_triangle_9x9_longest,
          minmay_the_grid_triangle_9x9_negative_grid,
          minmay_the_grid_triangle_9x9_zippers_horizontal,
          minmay_the_grid_triangle_9x9_tough_junction,
          minmay_the_grid_prize_inner_circle], layout_grid_maze
D:10:     layout_roguey, hiddenorc2_lemuel, chequers_garden,
          kennysheep_generic_room_8
D:11:     layout_basic, lair_entry_dummy, enter_trove_6
Temple:   kilobyte_greek_temple
Orc:1:    layout_caves
Orc:2:    pf_orc_diabolical, layout_diamond_mine, mines3_lemuel, uniq_urug,
          uniq_sonja

Skill      XL: |  1  2  3  4  5  6  7  8  9 10 11 12 |
---------------+-------------------------------------+-----
Spellcasting   | 3 4 5 6 7 9 11 13 15 | 15.1
Stealth        | 2 3 4 |  4.4
Fighting       | 1 |  1.0
Dodging        | |  2.8

Action                   |  1- 3 |  4- 6 |  7- 9 | 10-12 || total
-------------------------+-------+-------+-------+-------++-------
Melee: Unarmed           |     1 |       |       |       ||     1
 Cast: Foxfire           |   103 |    86 |   307 |   594 ||  1090
       Scorch            |     8 |    14 |    28 |    75 ||   125
       Inner Flame       |       |    10 |    75 |   179 ||   264
       Searing Ray       |       |     2 |       |       ||     2
       Conjure Flame     |       |       |     2 |       ||     2
       Animate Dead      |       |       |     1 |     1 ||     2
       Gell's Gravitas   |       |       |       |     1 ||     1
Invok: Ancestor Life: He |       |       |       |     1 ||     1
  Use: Scroll            |       |       |     6 |     5 ||    11
Armor: Robe              |     1 |     2 |     4 |     3 ||    10
Dodge: Dodged            |     1 |     2 |    10 |    22 ||    35
